 Dungeon Crawl Stone Soup version 0.32-a0-747-gc8563f6773 (webtiles) character file.

Game seed: 10280400302519178903

790 Alarak the Thaumaturge (level 7, -1/36 HPs)
             Began as a Deep Elf Earth Elementalist on Mar 18, 2024.
             Was an Initiate of Vehumet.
             Slain by a lemure (3 damage)
             ... led by Pikel
             ... on level 5 of the Dungeon.
             The game lasted 00:11:59 (4914 turns).

Alarak the Thaumaturge (DEEE)                       Turns: 4914, Time: 00:12:00

Health: -1/36      AC:  3    Str:  5    XL:     7   Next: 57%
Magic:  9/22       EV: 11    Int: 22    God:    Vehumet [......]
Gold:   278        SH:  5    Dex: 15    Spells: 22/26 levels left

rFire   . . .        d - staff of conjuration
rCold   . . .        (no shield)
rNeg    . . .        a - +0 robe
rPois   .            (no helmet)
rElec   .            (no cloak)
rCorr   .            m - +0 pair of gloves
SInv    .            (no boots)
Will    .....        g - amulet of reflection
Stlth   ++           k - ring of wizardry
HPRegen 0.26/turn    (no ring)
MPRegen 0.18/turn

%: reflection, wizardry (x1)
@: about to teleport
A: no striking features
a: Renounce Religion


You were on level 5 of the Dungeon.
You worshipped Vehumet.
Vehumet was noncommittal.
You visited 1 branch of the dungeon, and saw 5 of its levels.

You collected 278 gold pieces.

Inventory:

Hand Weapons
 p - a +5 dagger of venom
Armour
 a - a +0 robe (worn)
 m - a +0 pair of gloves (worn)
 q - a +1 scale mail of willpower
Magical Staves
 d - a staff of conjuration (weapon)
Jewellery
 g - an amulet of reflection (around neck)
 k - a ring of wizardry (left hand)
 w - an amulet of regeneration
Scrolls
 c - 3 scrolls of teleportation
 f - a scroll of enchant weapon
 i - 3 scrolls of amnesia
 r - a scroll of immolation {unknown}
 s - a scroll of torment {unknown}
 t - a scroll of identify {unknown}
 u - a scroll of fear {unknown}
 v - a scroll of fog {unknown}
Potions
 b - a potion of magic
 e - a potion of mutation {unknown}
 h - 4 potions of curing {unknown}
 j - a potion of cancellation {unknown}
 l - 2 potions of degeneration {unknown}
 n - a potion of ambrosia {unknown}
 o - 2 potions of berserk rage {unknown}


   Skills:
 - Level 2.4 Dodging
 - Level 2.4 Stealth
 - Level 10.0 Spellcasting
 + Level 4.8 Conjurations
 - Level 3.2 Earth Magic


You had 22 spell levels left.
You knew the following spells:

 Your Spells              Type           Power      Damage    Failure   Level
a - Sandblast             Erth           50%        2d12      1%          1
b - Stone Arrow           Conj/Erth      86%        3d12      1%          3

Your spell library contained the following spells:

 Spells                   Type           Power      Damage    Failure   Level
 Momentum Strike          Conj/Tloc      64%        3d9       1%          2
 Passwall                 Erth           25%        N/A       1%          3
 Blink                    Tloc           22%        N/A       3%          2
 Lesser Beckoning         Tloc           22%        N/A       3%          2
 Brom's Barrelling Bould  Conj/Erth      43%        2d6       4%          4
 Fugue of the Fallen      Necr           11%        N/A       8%          3
 Ozocubu's Armour         Ice            11%        N/A       8%          3
 Petrify                  Alch/Erth      18%        N/A       12%         4
 Manifold Assault         Tloc           11%        N/A       24%         4
 Summon Blazeheart Golem  Fire/Summ      11%        N/A       24%         4
 Plasma Beam              Fire/Air       5%         2x1d16    97%         6
 Polar Vortex             Ice            5%         N/A       100%        9


Dungeon Overview and Level Annotations

Branches:
Dungeon (5/15)
 Temple: D:4-7

Altars:
Ashenzari
Sif Muna
Vehumet
Zin

Shops:
D:1 (   D:2 [


Message History

You feel sick. The adder attacks as it pursues you!
The adder closely misses you. The adder bites you.
You feel sick. The adder attacks as it pursues you! The adder misses you.
You feel sick.
You feel sick.
You feel sick. The adder completely misses you.
You feel sick. The adder attacks as it pursues you!
You block the adder's attack.
You feel sick.
You are no longer poisoned.
The adder attacks as it pursues you! The adder closely misses you.
Casting: Stone Arrow (safe; 1% risk of failure)
Confirm with . or Enter, or press ? or * to list all spells.
Aiming: Sandblast (safe; 1% risk of failure)
Press: ? - help, Shift-Dir - straight line, f - adder
Aim: an adder (72% to hit)
The blast of sand hits the adder!!
You kill the adder!
Vehumet accepts your kill.
Casting: Sandblast (safe; 1% risk of failure)
Confirm with . or Enter, or press ? or * to list all spells.
Aiming: Sandblast (safe; 1% risk of failure)
Press: ? - help, Shift-Dir - straight line, f - lemure
Aim: a lemure (79% to hit)
The blast of sand hits the lemure!
The lemure is moderately wounded.
The lemure hits you but does no damage. The lemure attacks as it pursues you!
The lemure hits you. The lemure attacks as it pursues you! The lemure hits you!
The dart slug launches a dart at you. The slug dart misses you.
The lemure attacks as it pursues you! The lemure hits you!
* * * LOW HITPOINT WARNING * * *
The lemure barely misses you.
You see here an iguana corpse.
The lemure attacks as it pursues you! The lemure hits you.
* * * LOW HITPOINT WARNING * * *
As you read the scroll of teleportation, it crumbles to dust.
You feel strangely unstable. The lemure hits you.
You die...

##........#!.. #.
#.........^..._ #.
#####.........#.... #.
...............#.... #.
.♣♣.♣♣.........# ... #.
..♣.♣..♣...#...#########.
♣.....♣♣...#.............
..._.......#.##w.#..w.†..
.....♣♣@.##.#.......####
.♣.♣..♣55##.#>......#
...♣♣.♣♣..†..#.......###
#....(.......#.......#
####....>......#.....#
#.........#.#.....#
######.####.#######
#......# #####..#


You could see 2 lemures.

Vanquished Creatures
  A black bear (D:4)
  2 lemures (D:5)
  A centaur (D:5)
  Blork the orc (D:4)
  2 scorpions (D:5)
  A gnoll bouda (D:5)
  An orc priest (D:2)
  2 jellies
  Jessica (D:2)
  An orc wizard (D:3)
  2 iguanas
  7 gnolls
  6 adders
  2 ribbon worms
  3 dart slugs
  6 orcs
  9 ball pythons
  3 bats
  10 endoplasms
  2 giant cockroaches
  11 goblins
  8 hobgoblins
  4 kobolds
  5 quokkas
  3 frilled lizards
  4 rats
98 creatures vanquished.

Notes
Turn   | Place    | Note
-------+----------+-------------------------------------------
     0 | D:1      | Alarak the Deep Elf Earth Elementalist began the quest for
                  | the Orb.
     0 | D:1      | Reached XP level 1. HP: 10/10 MP: 6/6
   100 | D:1      | Found Fudaovi's Weapon Shop.
   113 | D:1      | Got the Opusculum on Scorching Chilblains
   263 | D:1      | Reached skill level 4 in Spellcasting
   263 | D:1      | Reached XP level 2. HP: 15/15 MP: 5/9
   860 | D:2      | Reached XP level 3. HP: 19/19 MP: 6/11
   974 | D:2      | Reached skill level 5 in Spellcasting
  1093 | D:2      | Reached skill level 6 in Spellcasting
  1093 | D:2      | Reached XP level 4. HP: 5/24 MP: 2/14
  1207 | D:2      | Noticed Jessica
  1211 | D:2      | Killed Jessica
  1405 | D:2      | Found Weicsoa's Armour Emporium.
  1789 | D:3      | Reached XP level 5. HP: 20/28 MP: 11/15
  1937 | D:3      | Learned a level 3 spell: Stone Arrow
  2836 | D:4      | Noticed a black bear
  2838 | D:4      | Killed a black bear
  2839 | D:4      | Reached skill level 7 in Spellcasting
  2839 | D:4      | Reached XP level 6. HP: 32/32 MP: 10/18
  3088 | D:4      | Identified the +1 scale mail of Uwuos {Rampage *Slow Str+5
                  | SInv}
  3117 | D:4      | Noticed Blork the orc
  3121 | D:4      | Killed Blork the orc
  3228 | D:4      | Found a radiant altar of Vehumet.
  3249 | D:4      | Reached skill level 8 in Spellcasting
  3288 | D:4      | Became a worshipper of Vehumet
  3917 | D:4      | Found a broken altar of Ashenzari.
  4431 | D:5      | Entered Level 5 of the Dungeon
  4484 | D:5      | Reached skill level 9 in Spellcasting
  4484 | D:5      | Reached XP level 7. HP: 22/36 MP: 13/21
  4800 | D:5      | Found a glowing silver altar of Zin.
  4802 | D:5      | Found a shimmering blue altar of Sif Muna.
  4817 | D:5      | Reached skill level 10 in Spellcasting
  4914 | D:5      | Slain by a lemure

Illustrated notes

Levels and vault maps discovered:
D:1:      dpeg_arrival_line_fractal, layout_loops_ring, serial_shops, shop
D:2:      cheibrodos_pilgrimage, layout_loops_ring, serial_shops,
          nicolae_shop_waterfront, minmay_pentomino_s2, uniq_crazy_yiuf_cottage,
          uniq_jessica
D:3:      layout_loops_cross, grunt_decor_fettered, dk_noncrumbling_3
D:4:      layout_layer_cave, general_overflow_altar, vehumet_crystals,
          uniq_blork_the_orc
D:5:      layout_rooms, lemuel_tele_altar, mainiacjoe_overflow_small_starburst,
          minmay_temple_entry_glassed_door, serial_shops, nicolae_diamond_shop,
          uniq_pikel

Skill      XL: |  1  2  3  4  5  6  7 |
---------------+----------------------+-----
Spellcasting   | 4 6 7 9 10 | 10.0
Conjurations   | 3 4 |  4.8
Dodging        | |  2.4
Stealth        | |  2.4
Earth Magic    | |  3.2

Action                     |  1- 3 |  4- 6 |  7- 9 || total
---------------------------+-------+-------+-------++-------
  Melee: Dagger            |       |     4 |       ||     4
   Cast: Sandblast         |    49 |    27 |     5 ||    81
         Stone Arrow       |       |    42 |    18 ||    60
    Use: Scroll            |       |     8 |     1 ||     9
 Armour: Robe              |    10 |    15 |    12 ||    37
  Dodge: Dodged            |    13 |     3 |    12 ||    28
  Block: Other             |     5 |     3 |     2 ||    10
         Reflection        |     1 |     2 |       ||     3

Table legend: (Time is in decaauts)
 A = Elapsed time spent in this place.
 B = Non-inter-level travel time spent in this place.
 C = Inter-level travel time spent in this place.
 D = Time resting spent in this place.
 E = Time spent auto-exploring this place.
 F = Levels seen in this place.
 G = Mean time per level.
                   A        B        C        D        E       F      G
               +--------+--------+--------+--------+--------+-----+--------+
         Total |   4952 |   4792 |    160 |    275 |   3978 |   5 |  990.4 |
       Dungeon |   4952 |   4792 |    160 |    275 |   3978 |   5 |  990.4 |
               +--------+--------+--------+--------+--------+-----+--------+

Top non-repeatable levels by time:
     D:4: 1594 daAuts
     D:3: 1131 daAuts
     D:2: 989 daAuts
     D:1: 751 daAuts
     D:5: 485 daAuts
